 Dungeon Crawl Stone Soup version 0.24.0-7-gb3623d2c88 (webtiles) character file.

Game seed: 15824611547427539315, levelgen mode: deterministic

5324 Arum the Carver (level 10, -1/65 HPs)
             Began as a Minotaur Gladiator on Nov 2, 2019.
             Was a Priest of Makhleb.
             Slain by a flying skull (9 damage)
             ... on level 1 of the Abyss.
             The game lasted 00:14:50 (7813 turns).

Arum the Carver (Minotaur Gladiator)                Turns: 7813, Time: 00:14:51

Health: -1/65      AC:  6    Str: 19    XL:     10   Next: 38%
Magic:  6/6        EV: 17    Int:  1    God:    Makhleb [***...]
Gold:   462        SH:  0    Dex: 15    Spells: 9/9 levels left

rFire    + . .     SeeInvis .   a - +0 long sword
rCold    + . .     Gourm    .   (no shield)
rNeg     . . .     Faith    .   g - +0 ring mail
rPois    +         Spirit   .   x - +1 hat
rElec    +         Reflect  .   y - +0 cloak
rCorr    +         Harm     .   (no gloves)
MR       .....     Rnd*Rage +   (no boots) Stlth ..........Rnd*Tele +
                                (no amulet)
HPRegen  0.20/turn              G - ring of attention (curse)
MPRegen  0.10/turn              (no ring)

@: resistant, hasted, very quick
A: retaliatory headbutt, horns 2, [berserk 2], [blurry vision 3], [deformed
body], [dopey 2], [frail 3], [low mp 3], [teleportitis 2], [no potion heal 2]
a: Minor Destruction, Lesser Servant of Makhleb, Renounce Religion


You were on level 1 of the Abyss.
You worshipped Makhleb.
Makhleb was most pleased with you.
You were hungry.

You visited 1 branch of the dungeon, and saw 9 of its levels.
You visited the Abyss 1 time.

You collected 462 gold pieces.

Inventory:

Hand Weapons
 a - a +0 long sword (weapon)
Missiles
 d - 5 throwing nets (quivered)
 D - 7 javelins
Armour
 g - a +0 ring mail (worn)
 x - a +1 hat (worn)
 y - a +0 cloak (worn)
 z - a +0 shield
Jewellery
 s - an uncursed ring of ice
 G - a cursed ring of attention (left hand)
Wands
 c - a wand of random effects (15)
 r - a wand of flame (15)
 A - a wand of iceblast (17)
Scrolls
 b - a scroll of enchant weapon {unknown}
 i - 8 scrolls of identify
 k - 4 scrolls of teleportation {unknown}
 l - 8 scrolls of remove curse {unknown}
 o - 2 scrolls of random uselessness {unknown}
 u - 3 scrolls of immolation {unknown}
 v - a scroll of amnesia {unknown}
 w - a scroll of fear {unknown}
 F - a scroll of brand weapon {unknown}
 H - a scroll of enchant armour {unknown}
Potions
 e - a potion of resistance
 j - a potion of brilliance {unknown}
 n - 2 potions of curing
 p - a potion of degeneration {unknown}
 q - 2 potions of lignification {unknown}
 t - 2 potions of mutation {unknown}
 B - 4 potions of heal wounds {unknown}
 E - a potion of flight {unknown}
Comestibles
 f - 16 rations


   Skills:
 + Level 10.1 Fighting
 + Level 10.5 Long Blades
 - Level 2.0 Throwing
 + Level 6.8 Armour
 + Level 9.7 Dodging


You had 9 spell levels left.
You didn't know any spells.
Your spell library contained the following spells:

 Spells                   Type           Power        Failure   Level  Hunger
 Confusing Touch          Hex            #.....       75%         1    ##.....
 Corona                   Hex            #......      75%         1    ##.....
 Sting                    Conj/Pois      #...         75%         1    ##.....
 Ensorcelled Hibernation  Hex/Ice        #.....       86%         2    ###....
 Poisonous Vapours        Pois/Air       #.....       86%         2    ###....
 Confuse                  Hex            #.......     98%         3    ####...
 Dazzling Spray           Conj/Hex       #.....       98%         3    ####...
 Gell's Gravitas          Tloc           #.........   98%         3    ####...
 Mephitic Cloud           Conj/Pois/Air  #.......     98%         3    ####...
 Tukima's Dance           Hex            #.......     98%         3    ####...
 Olgreb's Toxic Radiance  Pois           #.......     100%        4    #####..
 Petrify                  Tmut/Erth      #.......     100%        4    #####..
 Metabolic Englaciation   Hex/Ice        #.........   100%        5    ######.
 Venom Bolt               Conj/Pois      #.........   100%        5    ######.
 Yara's Violent Unravell  Hex/Tmut       #.........   100%        5    ######.


Dungeon Overview and Level Annotations

Branches:
Dungeon (9/15)             Temple (0/1) D:7
   Lair: D:8-11         Orc: D:9-12

Altars:
Cheibriados
Dithmenos
Elyvilon
Fedhas
Hepliaklqana
Kikubaaqudgha
Makhleb
Okawaru
Qazlal
Ru
Sif Muna
Trog
Wu Jian
Xom

Annotations:
D:8 Erolcha


Innate Abilities, Weirdness & Mutations

You reflexively headbutt those who attack you in melee.
You have a pair of horns on your head.
[You often lose your temper in combat.]
[Scrolls take you much longer to read.]
[Armour fits poorly on your strangely shaped body.]
[You are very dopey. (Int -4)]
[You are extremely frail. (-30% HP)]
[Your magical capacity is extremely low. (-30% MP)]
[You are sometimes teleported next to monsters.]
[Potions are poor at restoring your health.]


Message History

The flying skull closely misses you. You furiously retaliate!
You headbutt the flying skull, but do no damage.
The wretched star pulses with an eldritch light!
Your system partially rejects the healing effects of potions.
Your system mostly rejects the healing effects of potions.
Unknown command.
Unknown command.
Unknown command.
Unknown command.
You closely miss the wretched star. You headbutt the wretched star!
The wretched star is almost destroyed.
The flying skull hits you.
* * * LOW HITPOINT WARNING * * *
You closely miss the wretched star. Your headbutt misses the wretched star.
The wretched star is almost destroyed.
The flying skull hits you!
* * * LOW HITPOINT WARNING * * *
Your system partially rejects the healing.
You feel better. The flying skull hits you!
You die...

## .. . .#
#.. #.# ..
#.. ##z#
#*#zz# #
#.@###..#
#.#.....#
## #.
.##....
###...
...#
###.#..#..
# ..#. ..
# # #....
. . . #..
## ### .


You could see a wretched star and 3 flying skulls.

Vanquished Creatures
  Harold (D:7)
  A two-headed ogre (D:9)
  Grinder (D:3)
  2 hippogriffs
  Sigmund (D:3)
  A flying skull (Abyss:1)
  A ynoxinul (Abyss:1)
  3 ice beasts
  A black bear (D:7)
  3 phantoms
  2 sky beasts
  3 centaurs
  3 ogres
  A wolf (D:8)
  2 bullfrogs
  A scorpion (D:4)
  A water moccasin skeleton (D:7)
  2 jellies
  A howler monkey (D:4)
  4 crimson imps
  5 hounds
  2 orc priests (D:8)
  A gnoll shaman (D:7)
  Crazy Yiuf (D:7)
  2 orc wizards (D:8)
  2 bullfrog skeletons
  2 centaur skeletons
  4 iguanas
  6 worker ants
  A hound skeleton (D:4)
  A worker ant zombie (D:5)
  11 gnolls
  A howler monkey skeleton (D:8)
  17 adders
  2 shadow imps (D:5)
  An adder zombie (D:6)
  2 worms (D:2)
  5 dart slugs
  3 leopard geckos
  14 orcs
  9 bats
  5 giant cockroaches
  5 goblins
  10 hobgoblins
  22 jackals
  2 kobolds (D:1)
  2 quokkas
  3 ball pythons
  7 frilled lizards
  A jackal skeleton (D:4)
  A quokka zombie (D:5)
  12 rats
197 creatures vanquished.

Vanquished Creatures (others)
  A flying skull (Abyss:1)
1 creature vanquished.

Grand Total: 198 creatures vanquished

Notes
Turn   | Place    | Note
-------+----------+-------------------------------------------
     0 | D:1      | Arum the Minotaur Gladiator began the quest for the Orb.
     0 | D:1      | Reached XP level 1. HP: 18/18 MP: 0/0
    42 | D:1      | Reached XP level 2. HP: 10/25 MP: 1/1
   466 | D:1      | Reached XP level 3. HP: 29/31 MP: 2/2
  1141 | D:2      | Found a shadowy altar of Dithmenos.
  1198 | D:2      | Reached XP level 4. HP: 32/39 MP: 3/3
  1761 | D:2      | Found an ornate altar of the Wu Jian Council.
  1934 | D:3      | Reached skill level 5 in Long Blades
  1957 | D:3      | Noticed Grinder
  1961 | D:3      | Paralysed by Grinder for 2 turns
  1973 | D:3      | Paralysed by Grinder for 5 turns
  1984 | D:3      | Paralysed by Grinder for 2 turns
  1990 | D:3      | Killed Grinder
  1990 | D:3      | Reached skill level 5 in Fighting
  1990 | D:3      | Reached skill level 5 in Dodging
  1990 | D:3      | Reached XP level 5. HP: 10/48 MP: 4/4
  1990 | D:3      | Reached XP level 6. HP: 12/56 MP: 5/5
  2337 | D:3      | Noticed Sigmund
  2346 | D:3      | Killed Sigmund
  2450 | D:3      | Reached XP level 7. HP: 43/61 MP: 6/6
  2550 | D:3      | Found a burning altar of Makhleb.
  2557 | D:3      | Became a worshipper of Makhleb the Destroyer
  3496 | D:4      | Reached * piety under Makhleb
  3711 | D:4      | Reached XP level 8. HP: 41/71 MP: 7/7
  4036 | D:4      | Found a shimmering blue altar of Sif Muna.
  4196 | D:5      | Entered Level 5 of the Dungeon
  4815 | D:5      | Found a snail-covered altar of Cheibriados.
  4906 | D:5      | Reached skill level 1 in Armour
  4922 | D:5      | Found a stormy altar of Qazlal.
  5259 | D:6      | Found a white marble altar of Elyvilon.
  5488 | D:6      | Found a bloodstained altar of Trog.
  5489 | D:6      | Found an iron altar of Okawaru.
  5543 | D:6      | Reached ** piety under Makhleb
  5584 | D:6      | Reached XP level 9. HP: 55/81 MP: 8/8
  5977 | D:7      | Found a staircase to the Ecumenical Temple.
  5997 | D:7      | Noticed Harold
  6018 | D:7      | Killed Harold
  6196 | D:7      | Found a sacrificial altar of Ru.
  6226 | D:7      | Reached skill level 5 in Armour
  6441 | D:7      | Found a hazy altar of Hepliaklqana.
  6442 | D:7      | Found a shimmering altar of Xom.
  6443 | D:7      | Noticed a spectral ugly thing
  6497 | D:7      | Found an ancient bone altar of Kikubaaqudgha.
  6500 | D:7      | Found a blossoming altar of Fedhas.
  6718 | D:7      | Found a runed translucent door.
  6719 | D:7      | Noticed Crazy Yiuf
  6871 | D:7      | Killed Crazy Yiuf
  7025 | D:8      | Reached skill level 10 in Long Blades
  7073 | D:8      | Found a shimmering altar of Xom.
  7114 | D:8      | Got a dull robe
  7115 | D:8      | Identified the cursed +0 robe "Necuh" {rElec rF++ Int-5
                  | Dex+2} (You found it on level 8 of the Dungeon)
  7132 | D:8      | Reached XP level 10. HP: 78/91 MP: 9/9
  7170 | D:8      | Reached *** piety under Makhleb
  7451 | D:9      | Noticed a two-headed ogre
  7458 | D:9      | Noticed Erolcha
  7462 | D:9      | Killed a two-headed ogre
  7462 | D:9      | Reached skill level 10 in Fighting
  7678 | D:8      | Cast into level 1 of the Abyss (Erolcha)
  7771 | Abyss:1  | Noticed a wretched star
  7813 | Abyss:1  | Slain by a flying skull

Levels and vault maps discovered:
D:1:      ncdulo_smallfort, layout_loops_ring
D:2:      layout_rooms, nicolae_overflow_hidden_temple, grunt_ministairs_12,
          grunt_dithmenos_smoke_and_mirrors
D:3:      layout_basic, lightli_temple_of_fire, first_ration, glass_columns_b,
          uniq_sigmund, uniq_grinder
D:4:      layout_cave_pods, led_sif_pool
D:5:      layout_loops_ring, kennysheep_mini, kennysheep_mini_moat,
          serial_rivers, chequers_serial_rivers_micro_a,
          chequers_serial_rivers_marsh, chequers_serial_rivers_large_a,
          chequers_serial_rivers_small_a, chequers_serial_rivers_micro_c
D:6:      layout_gridville, grunt_temple_overflow_bloody_war, elyvilon_altar_5
D:7:      layout_cave_pools, grunt_temple_overflow_growth_and_decay,
          regret_index_temple_of_mockery, lemuel_round_altar,
          minmay_temple_entry_mini_moons, uniq_crazy_yiuf_cottage, uniq_harold
D:8:      layout_rooms, basic_altar
D:9:      layout_rooms, minmay_lair_entry_grove, uniq_grum, uniq_erolcha
Abyss:1:  abyss_greek_temple

Skill      XL: |  1  2  3  4  5  6  7  8  9 10 |
---------------+-------------------------------+-----
Long Blades    | 4 5 6 7 8 10 | 10.5
Fighting       | 3 5 6 8 9 10 | 10.1
Dodging        | 4 5 6 7 9 |  9.7
Armour         | 3 5 6 |  6.8
Throwing       | |  2.0

Action                   |  1- 3 |  4- 6 |  7- 9 | 10-12 || total
-------------------------+-------+-------+-------+-------++-------
Melee: Long sword        |    95 |    63 |   324 |    79 ||   561
       Headbutt          |    17 |    12 |    90 |    25 ||   144
  Use: Scroll            |       |       |     1 |       ||     1
       Potion            |       |       |       |     6 ||     6
  Eat: Chunk             |     1 |     3 |    16 |     2 ||    22
Armor: Leather armour    |     5 |       |       |       ||     5
       Ring mail         |    33 |    24 |    68 |    13 ||   138
Dodge: Dodged            |    65 |    39 |   222 |    64 ||   390
       Rpst.: Long sword |    16 |     9 |    60 |    12 ||    97
